Map: Abiogenesis LE

Players

CinDra - Winner!

  • Race: Zerg Zerg
  • League: Silver
  • Spawn Location: 5:00

FakeBuscemi

  • Race: Terran Terran
  • League: Silver
  • Spawn Location: 11:00

VOD

Have the link to the VOD?

Description

Time

  • Played on: Feb. 24, 2018, 6:33 p.m.
  • Length: 10:23
Show
View Real Time Build Order
Export as new Build Order

CinDra Zerg - Winner!

Build Orders: Hatch First 

Get SALT Encoding   

  12  0:01  Drone  
  13  0:13  Overlord  
  13  0:18  Drone  
  14  0:31  Drone x2  
  16  0:42  Drone  
  17  0:56  Drone  
  18  0:57  Hatchery  
  18  1:01  Drone  
  18  1:08  Drone  
  19  1:15  Extractor  
  18  1:20  Spawning Pool  
  18  1:22  Drone  
  18  1:29  Drone  
  19  1:40  Drone  
  20  1:51  Drone  
  21  2:00  Drone  
  22  2:08  Queen  
  22  2:09  Queen  
  22  2:10  Zergling x2  
  22  2:11  Overlord  
  27  2:16  Metabolic Boost  
  27  2:20  Zergling x2  
  28  2:27  Extractor  
  28  2:29  Drone  
  28  2:36  Drone x2  
  30  2:54  Hatchery  
  30  2:55  Drone x3  
  32  3:01  Overlord  
  32  3:08  Queen  
  34  3:21  Zergling x2  
  34  3:22  Zergling x2  
  34  3:23  Overlord  
  34  3:24  Overlord  
  36  3:41  Zergling x12  
  39  3:42  Zergling x2  
  39  3:45  Zergling x2  
  41  4:12  Drone x2  
  41  4:13  Drone x8  
  51  4:20  Drone x2  
  53  4:36  Queen  
  55  4:38  Overlord  
  55  4:39  Drone  
  55  4:40  Drone x2  
  55  4:41  Overlord  
  58  4:52  Lair  
  51  5:09  Zergling x18  
  56  5:19  Zergling x2  
  53  5:27  Zergling x2  
  53  5:28  Zergling x6  
  57  5:33  Zergling x2  
  57  5:34  Zergling x4  
  56  6:00  Queen  
  56  6:02  Hatchery  
  57  6:05  Zergling x2  
  57  6:06  Zergling x10  
  63  6:15  Zergling x4  
  63  6:16  Zergling x2  
  63  6:17  Overlord  
  59  7:14  Zergling x18  
  60  7:29  Queen  
  60  7:35  Spire  
  61  7:50  Extractor  
  60  7:52  Extractor  
  59  8:09  Drone  
  59  8:10  Drone x14  
  74  8:16  Overlord  
  74  8:37  Zergling x16  
  74  8:38  Zergling x2  
  83  8:46  Mutalisk x3  
  89  8:59  Overlord  
  89  9:00  Overlord x4  
  89  9:01  Overlord x7  
  89  9:05  Pneumatized Carapace  
  89  9:22  Overseer x3  
  89  9:23  Overseer x2  
  89  9:27  Mutalisk x11  
  89  9:28  Mutalisk x3  
  89  9:30  Mutalisk  
Show
View Real Time Build Order
Export as new Build Order

FakeBuscemi Terran 

Build Orders:  

Get SALT Encoding   

  12  0:01  SCV  
  13  0:17  SCV  
  13  0:18  Supply Depot  
  14  0:29  SCV  
  15  0:41  SCV  
  16  0:43  Barracks  
  16  0:50  Refinery  
  16  0:53  SCV  
  17  1:03  Supply Depot  
  17  1:09  SCV  
  18  1:21  SCV, Barracks  
  19  1:30  Marine  
  20  1:36  SCV  
  20  1:37  Refinery  
  21  1:53  SCV  
  22  1:56  Supply Depot  
  22  1:57  Barracks Reactor  
  22  2:05  SCV  
  22  2:07  Barracks Reactor  
  23  2:14  Engineering Bay  
  23  2:17  SCV  
  24  2:33  Marine x2  
  24  2:34  Factory  
  26  2:43  Marine  
  26  2:44  Marine  
  28  2:50  Terran Infantry Weapons Level 1  
  28  2:51  Marine x2  
  30  3:07  Marine x2  
  32  3:20  Factory Reactor  
  32  3:21  Supply Depot  
  32  3:23  Marine x2  
  34  3:33  Marine, Starport  
  34  3:34  Marine  
  36  3:45  Marine x2  
  32  3:59  Cyclone x2  
  37  4:03  Marine x2  
  39  4:10  Starport Reactor  
  39  4:15  Marine x2  
  41  4:21  Supply Depot  
  41  4:32  Marine x2  
  41  4:34  Marine x2  
  45  4:47  Terran Infantry Armor Level 1  
  45  4:50  Marine x2  
  47  4:55  Medivac  
  47  4:58  Marine  
  47  4:59  Marine  
  50  5:21  Marine x4  
  55  5:28  Cyclone  
  55  5:31  Supply Depot  
  42  5:50  Marine  
  42  5:51  Marine x3  
  42  5:53  Medivac  
  48  6:09  Marine x3  
  48  6:10  Marine  
  52  6:15  Cyclone  
  34  6:44  Marine x3  
  34  6:45  Marine  
  36  7:02  Marine  
  36  7:08  Marine x3  
  31  7:20  Marine  
  29  7:25  Marine  
  29  7:26  Marine x2  
  29  7:27  Command Center  
  32  7:36  Cyclone  
  35  7:38  Marine  
  35  7:43  Cyclone  
  39  7:59  Marine x2  
  39  8:00  Marine x2  
  39  8:03  SCV  
  44  8:23  Factory Tech Lab  
  44  8:24  Factory  
  44  8:32  Barracks  
  44  8:37  Medivac  
  46  8:51  Marine x3  
  46  8:52  Marine  
  50  9:06  Siege Tank  
  53  9:18  SCV  
  54  9:25  Barracks Tech Lab  
  54  9:31  SCV  
  48  9:43  Marine x4  
  38  9:55  Missile Turret  
  38  9:57  Widow Mine  
  38  9:58  Widow Mine  
Tags
 
Add a new tag
Caveats
  • Supply blocks, unpowered buildings, or Contaminate may cause inaccurate times.
  • Supply counts are checked every 10 seconds.